 Dungeon Crawl Stone Soup version 0.14.1-19-g9964f44 (webtiles) character file.

176 Kae the Firebug (level 4, -5/24 HPs)
             Began as a Tengu Fire Elementalist on June 6, 2014.
             Slain by Edgeworth's ghost (13 damage)
             ... on Level 3 of the Dungeon.
             The game lasted 00:01:35 (2036 turns).

Kae the Firebug (Tengu Fire Elementalist)           Turns: 2036, Time: 00:01:36

HP  -5/24        AC  2     Str  9      XL: 4   Next: 46%
MP   4/9         EV 12     Int 16      God:
Gold 92          SH  0     Dex 14      Spells:  3 memorised,  1 level left

rFire  . . .     SeeInvis .     d - +3,+2 spear (venom)
rCold  . . .     Clarity  .     a - +0 robe
rNeg   . . .     Conserve .     (no shield)
rPois  .         rCorr    .     (helmet restricted)
rElec  .         rRot     .     (no cloak)
SustAb . .       Spirit   .     (no gloves)
rMut   .         Warding  .     (boots unavailable)
Saprov . . .     Stasis   .     (no amulet)
MR     .....                    (no ring)
                                (no ring)

@: not resistant to hostile enchantments, fairly stealthy
A: beak, talons 3
a: no special abilities


You were on level 3 of the Dungeon.
You were not hungry.

You visited 1 branch of the dungeon, and saw 3 of its levels.

You collected 92 gold pieces.

Inventory:

Hand weapons
 d - a +3,+2 spear of venom (weapon)
Armour
 a - a +0 robe (worn)
Comestibles
 c - 3 bread rations
 i - a pear
 r - 2 apples
 t - a meat ration
Scrolls
 g - a scroll of enchant weapon I {unknown}
 l - a scroll of remove curse {unknown}
 o - a scroll of identify {unknown}
 p - 3 scrolls of teleportation {unknown}
 q - 2 scrolls of recharging {unknown}
 s - a scroll of fog {unknown}
Potions
 f - a potion of lignification {unknown}
 h - 3 potions of heal wounds {unknown}
 j - 3 potions of confusion {unknown}
 k - 2 potions of invisibility {unknown}
 m - a potion of brilliance {unknown}
 n - 2 potions of restore abilities {unknown}
Books
 b - a book of Flames

   Spells                             Type                      Level
   *Flame Tongue                      Conjuration/Fire             1
   *Throw Flame                       Conjuration/Fire             2
   *Conjure Flame                     Conjuration/Fire             3
   Inner Flame                        Hexes/Fire                   3
   Sticky Flame                       Conjuration/Fire             4
   Fireball                           Conjuration/Fire             5


   Skills:
 - Level 2.1 Dodging
 - Level 2.0 Stealth
 + Level 2.4 Spellcasting
 * Level 3.4 Conjurations
 * Level 4.5 Fire Magic


You had one spell level left.
You knew the following spells:

 Your Spells              Type           Power        Failure   Level  Hunger
a - Flame Tongue          Conj/Fire      ##...        4%          1    #......
b - Throw Flame           Conj/Fire      ##....       8%          2    ##.....
c - Conjure Flame         Conj/Fire      ##......     12%         3    ####...


Dungeon Overview and Level Annotations

Branches:
Dungeon (3/15)

Altars:
Kikubaaqudgha
Yredelemnul

Annotations:
D:3 Edgeworth's ghost, average DDFi


Innate Abilities, Weirdness & Mutations

You have a beak for a mouth.
You have claws for feet.


Message History

Confirm with . or Enter, or press ? or * to list all spells.
Aiming: Flame Tongue
Press: ? - help, Shift-Dir - straight line, f - Edgeworth's ghost
Aim: Edgeworth's ghost (flame, moderately damaged)
The flame tongue hits Edgeworth's ghost.
Edgeworth's ghost appears unharmed.
Edgeworth's ghost is moderately damaged.
Edgeworth's ghost hits you!
Casting: Flame Tongue
Confirm with . or Enter, or press ? or * to list all spells.
Aiming: Flame Tongue
Press: ? - help, Shift-Dir - straight line, f/p - Edgeworth's ghost
Aim: Edgeworth's ghost (flame, moderately damaged)
The flame tongue hits Edgeworth's ghost.
Edgeworth's ghost resists.
Edgeworth's ghost is moderately damaged.
Edgeworth's ghost is engulfed in roaring flames.
Edgeworth's ghost hits you!
Ouch! That really hurt!
You die...

##.....##
##.......##
#.........###
+.........'.
#[........#
#.......#
##.....#
#......#
#.##@#.# #.
#p#.#
#####.##.#.#
.........#.#
#####.#.^..#
#......#
#.#....##
#.......#
##.....#......


You could see Edgeworth's ghost.

Vanquished Creatures
  Ijyb (D:2)
  4 adders
  3 bats
  2 giant cockroaches (D:2)
  5 hobgoblins
  7 kobolds
  3 giant newts
  3 goblins
  5 rats
33 creatures vanquished.

Notes
Turn   | Place    | Note
--------------------------------------------------------------
     0 | D:1      | Kae, the Tengu Fire Elementalist, began the quest for the Orb.
     0 | D:1      | Reached XP level 1. HP: 10/10 MP: 3/3
   356 | D:1      | Reached XP level 2. HP: 15/15 MP: 5/5
   693 | D:2      | Noticed Ijyb
   703 | D:2      | Killed Ijyb
   703 | D:2      | Reached skill level 4 in Fire Magic
   703 | D:2      | Reached XP level 3. HP: 1/19 MP: 1/7
  1366 | D:2      | Found a basalt altar of Yredelemnul.
  1366 | D:2      | Found an ancient bone altar of Kikubaaqudgha.
  1388 | D:2      | Reached XP level 4. HP: 16/24 MP: 9/9
  1898 | D:3      | Learned a level 2 spell: Throw Flame
  1902 | D:3      | Learned a level 3 spell: Conjure Flame
  2027 | D:3      | Noticed Edgeworth's ghost (average DDFi)
  2036 | D:3      | Slain by Edgeworth's ghost

Action                   |  1- 3 |  4- 6 || total
-------------------------+-------+-------++-------
Melee: Spear             |    44 |    28 ||    72
 Cast: Flame Tongue      |     5 |     2 ||     7
       Conjure Flame     |       |     1 ||     1
  Use: Potion            |       |     1 ||     1
 Stab: Sleeping          |     6 |       ||     6
